 Dungeon Crawl Stone Soup version 0.27-a0-1119-gbf574a6a6b (webtiles) character file.

Game seed: 17456144002178379830

116153 mdonais the Fighter (level 16, -19/134 HPs)
             Began as a Demonspawn Delver on May 2, 2021.
             Was the Champion of Nemelex Xobeh.
             Killed from afar by a shock serpent (28 damage)
             ... with a bolt of electricity
             ... on level 1 of the Snake Pit.
             The game lasted 02:22:48 (30614 turns).

mdonais the Fighter (Demonspawn Delver)            Turns: 30614, Time: 02:22:48

Health: -19/134    AC: 30    Str: 24    XL:     16   Next: 20%
Magic:  26/26      EV: 11    Int: 13    God:    Nemelex Xobeh [******]
Gold:   3795       SH: 14    Dex: 24    Spells: 15/15 levels left

rFire    . . .     SeeInvis .   J - +8 morningstar "Maunnaone" {vorpal, +Rage Will- Str+4}
rCold    + . .     Faith    .   g - +0 kite shield
rNeg     . . .     Spirit   .   a - +3 crystal plate armour
rPois    +         Reflect  .   b - +1 hat
rElec    .         Harm     .   S - scarf {repulsion}
rCorr    .         Rampage  .   f - +1 pair of gloves
Will     .....                  m - +0 pair of boots
Stlth    ..........             e - amulet of Xops {Regen+ Dex+3}
HPRegen  1.32/turn              o - ring of poison resistance
MPRegen  0.20/turn              O - ring "Nal Seji" {+Blink rC+ EV+4 Int+2}

@: mighty, repel missiles
A: horns 2, thin skeletal structure 3, ignite blood 2, powered by pain 2,
corrupting presence 1
a: Renounce Religion, Evoke Blink, Evoke Berserk Rage, Draw Escape, Draw
Destruction, Draw Summoning, Triple Draw, Deal Four, Stack Five


You were on level 1 of the Snake Pit.
You worshipped Nemelex Xobeh.
Nemelex Xobeh was exalted by your worship.
You visited 5 branches of the dungeon, and saw 24 of its levels.
You also visited: Bailey, Gauntlet and Ice Cave.

You collected 4258 gold pieces.
You spent 463 gold pieces at shops.

Inventory:

Hand Weapons
 J - the +8 morningstar "Maunnaone" (weapon) {vorpal, +Rage Will- Str+4}
   (You bought it in a shop on level 4 of the Dungeon)

   It inflicts extra damage upon your enemies.
   It affects your strength (+4).
   It lets you go berserk.
   It decreases your willpower.
Missiles
 v - 22 javelins (quivered)
 F - 15 curare-tipped darts
 Z - 8 throwing nets {=!f}
Armour
 a - a +3 crystal plate armour (worn)
   (You took it off a gnoll sergeant in a bailey)
 b - a +1 hat (worn)
   (You found it on level 6 of the Lair of Beasts)
 f - a +1 pair of gloves (worn)
   (You found it on level 5 of the Dungeon)
 g - a +0 kite shield (worn)
   (You found it on level 4 of the Dungeon)
 m - a +0 pair of boots (worn)
   (You found it on level 10 of the Dungeon)
 s - a +0 tower shield
   (You found it on level 9 of the Dungeon)
 E - a +0 plate armour of willpower
   (You took it off an orc warrior on level 8 of the Dungeon)
 N - +0 ice dragon scales
   (You found it in an ice cave)
 S - a scarf of repulsion (worn)
   (You found it on level 3 of the Lair of Beasts)
Jewellery
 e - the amulet of Xops (around neck) {Regen+ Dex+3}
   (You took it off a gnoll sergeant in a bailey)

   [amulet of regeneration]

   It affects your dexterity (+3).
   It increases your rate of health regeneration.
 k - the ring "Waotritho" {rElec rC+ SInv}
   (You found it in a Gauntlet)

   [ring of see invisible]

   It protects you from cold.
   It insulates you from electricity.
   It lets you see invisible.
 o - a ring of poison resistance (left hand)
   (You found it in an ice cave)
 y - a +4 ring of slaying
   (You found it in an ice cave)
 C - an amulet of guardian spirit
   (You found it on level 12 of the Dungeon)
 O - the ring "Nal Seji" (right hand) {+Blink rC+ EV+4 Int+2}
   (You found it in an ice cave)

   [ring of evasion]

   It affects your evasion (+4).
   It affects your intelligence (+2).
   It protects you from cold.
   It lets you blink.
Wands
 d - a wand of mindburst (31)
   (You found it on level 6 of the Lair of Beasts)
 r - a wand of charming (4)
   (You found it on level 1 of the Lair of Beasts)
 D - a wand of digging (11)
 I - a wand of iceblast (23)
   (You found it on level 8 of the Dungeon)
 P - a wand of paralysis (30)
   (You found it on level 8 of the Dungeon)
 V - a wand of flame (68)
   (You found it in a Gauntlet)
Scrolls
 h - 6 scrolls of enchant weapon
 q - 2 scrolls of brand weapon
 B - a scroll of blinking
 L - a scroll of fog
 M - 3 scrolls of magic mapping
 R - 2 scrolls of identify
 T - 10 scrolls of teleportation
 U - a scroll of fear
Potions
 c - 6 potions of magic
 i - 3 potions of resistance
 j - 3 potions of heal wounds
 l - 2 potions of attraction
 n - a potion of cancellation
 p - a potion of brilliance {unknown}
 w - a potion of ambrosia
 G - 5 potions of lignification
 H - 3 potions of haste
 Q - 4 potions of curing
 W - 2 potions of berserk rage
 X - 2 potions of invisibility
Miscellaneous
 Y - a tin of tremorstones (2/2)
   (You found it on level 12 of the Dungeon)


   Skills:
 + Level 14.6 Fighting
 - Level 3.3(6.1) Axes
 * Level 8.0(8.4) Maces & Flails
 - Level 4.0 Throwing
 * Level 13.0 Armour
 - Level 4.0 Dodging
 - Level 4.5 Stealth
 + Level 12.7 Shields
 + Level 14.3 Invocations
 - Level 4.0 Evocations


You had 15 spell levels left.
You didn't know any spells.
Your spell library contained the following spells:

 Spells                   Type           Power      Damage    Failure   Level
 Beastly Appendage        Tmut           0%         N/A       100%        1
 Foxfire                  Conj/Fire      0%         2x1d4     100%        1
 Freeze                   Ice            0%         1d3       100%        1
 Sting                    Tmut/Pois      0%         1d3       100%        1
 Corpse Rot               Necr/Air       N/A        N/A       100%        2
 Passwall                 Tmut/Erth      0%         N/A       100%        2
 Poisonous Vapours        Pois/Air       0%         N/A       100%        2
 Wereblood                Tmut           0%         N/A       100%        2
 Confusing Touch          Hex            0%         N/A       100%        3
 Conjure Flame            Conj/Fire      0%         6-21      100%        3
 Frozen Ramparts          Ice            0%         1d2       100%        3
 Gell's Gravitas          Tloc           0%         N/A       100%        3
 Ignite Poison            Fire/Tmut/Pois 0%         N/A       100%        3
 Inner Flame              Hex/Fire       0%         N/A       100%        3
 Mephitic Cloud           Conj/Pois/Air  0%         N/A       100%        3
 Ozocubu's Armour         Ice            0%         N/A       100%        3
 Spider Form              Tmut/Pois      0%         N/A       100%        3
 Stone Arrow              Conj/Erth      0%         3d7       100%        3
 Swiftness                Air            0%         N/A       100%        3
 Hailstorm                Conj/Ice       0%         3d3       100%        4
 Ice Form                 Ice/Tmut       0%         N/A       100%        4
 Olgreb's Toxic Radiance  Pois           0%         N/A       100%        4
 Passage of Golubria      Tloc           N/A        N/A       100%        4
 Petrify                  Tmut/Erth      0%         N/A       100%        4
 Sticky Flame             Conj/Fire      0%         2d3       100%        4
 Fireball                 Conj/Fire      0%         3d3       100%        5
 Hydra Form               Tmut           0%         N/A       100%        5
 Lee's Rapid Deconstruct  Erth           0%         3d5*      100%        5
 Metabolic Englaciation   Hex/Ice        0%         N/A       100%        5
 Summon Forest            Summ/Tloc      0%         N/A       100%        5
 Yara's Violent Unravell  Hex/Tmut       0%         3d3       100%        5
 Eringya's Noxious Bog    Tmut/Pois      0%         N/A       100%        6
 Freezing Cloud           Conj/Ice/Air   0%         6-21      100%        6
 Invisibility             Hex            0%         N/A       100%        6
 Haunt                    Necr/Summ      0%         N/A       100%        7
 Malign Gateway           Summ/Tloc      0%         N/A       100%        7
 Monstrous Menagerie      Summ           0%         N/A       100%        7
 Summon Hydra             Summ           0%         N/A       100%        7
 Summon Horrible Things   Summ           0%         N/A       100%        8


Dungeon Overview and Level Annotations

Branches:
Dungeon (14/15) Temple (1/1) D:6 Lair (6/6) D:9 Shoals (0/4) Lair:2 Snake (1/4) Lair:4 Slime (0/5) Lair:5 Orc (2/2) D:12 Elf (0/3) Orc:2 Vaults (0/5) D:13 D:14 Bailey (visited) IceCv (visited) Gauntlet (visited)

Altars:
Ashenzari
Cheibriados
Dithmenos
Elyvilon
Fedhas
Gozag
Hepliaklqana
Kikubaaqudgha
Makhleb
Nemelex Xobeh
Okawaru
Qazlal
Ru
Sif Muna
Trog
Uskayaw
Vehumet
Wu Jian
Xom
Yredelemnul
Zin
The Shining One
Beogh
Jiyva

Shops:
D:4 (   D:5 [   Orc:2 *[**

Annotations:
D:9 need fly
D:14 1 runed translucent door
Lair:5 exclusion: oklob plant


Innate Abilities, Weirdness & Mutations

You have a pair of horns on your head.
You have an unnaturally thin skeletal structure. (Dex +6, Stealth+++)
Your demonic aura often causes spilled blood to erupt in flames You sometimes gain power by taking damage.
Your presence sometimes corrodes those you injure.


Message History

The naga warrior is engulfed in blazing flames.
You block the naga warrior's attack. The naga warrior constricts you.
The naga warrior is engulfed in blazing flames.
The naga warrior hits you with a +0 mace.
The naga warrior constricts you.
You take 3 damage, and have 124/134 hp.
You puncture the naga warrior!
The naga warrior is almost dead.
You block the naga's attack.
The naga warrior is engulfed in blazing flames.
You block the naga warrior's attack. The naga warrior constricts you.
You regained 2 hp, and now have 126/134 hp.
The naga warrior blocks your attack. x2
The naga warrior is almost dead.
You block the naga's attack.
The naga warrior is engulfed in blazing flames.
You kill the naga warrior!
You hit the naga. corrodes the naga! You headbutt the naga.
The naga is heavily wounded.
You block the naga's attack. The naga closely misses you.
You sock the naga! You headbutt the naga.
You kill the naga!
You regained 2 hp, and now have 130/134 hp.
No target in view!
Health restored: 134 A naga comes into view.
It is wielding a +0 mace.
A naga is nearby!
A naga is nearby!
A naga is nearby!
Unknown command.
Unknown command.
A naga is nearby!
A naga is nearby!
The naga spits poison at you. The splash of poison hits you.
You are poisoned.
You resist.
You take 1 damage, and have 133/134 hp.
You feel sick.
You take 1 damage, and have 132/134 hp.
You feel sick. You block the naga's attack. The naga grabs you.
The naga constricts you.
You sock the naga! Your headbutt misses the naga.
The naga is heavily wounded.
You feel sick.
The naga is engulfed in blazing flames.
The naga spits poison at you.
The splash of poison hits you but does no damage.
You resist. The naga constricts you.
You closely miss the naga. You headbutt the naga.
You kill the naga!
You feel sick.
No target in view!
You start resting.
HP restored.
You feel sick.
You are no longer poisoned.
You start resting.
HP restored.
Health restored: 134
Things that are here:
a +0 mace; a +0 robe; a +0 tower shield
Items here: )) ††.
A naga comes into view. It is wielding a +0 battleaxe.
A naga is nearby!
The naga closely misses you. You block the naga's attack.
You sock the naga!
The naga is heavily wounded.
The naga is engulfed in blazing flames.
You kill the naga!
No target in view!
No target in view!
R - 2 scrolls of identify (gained 1)
Things that are here:
a +0 battleaxe; a +0 robe Key pressed, stopping explore.
A naga mage comes into view. It is wielding a +0 whip.
The naga mage mumbles some strange words.
The naga mage seems to speed up.
The naga mage points at you and mumbles some strange words.
The bolt of poison hits you.
You are poisoned.
You resist.
You take 1 damage, and have 133/134 hp.
You barely miss the naga mage.
You headbutt the naga mage, but do no damage.
You feel very sick. You block the naga mage's attack. The naga mage grabs you.
The naga mage constricts you.
You take 3 damage, and have 130/134 hp.
You puncture the naga mage!
You headbutt the naga mage, but do no damage.
The naga mage is moderately wounded.
You feel very sick.
The naga mage is engulfed in blazing flames.
The naga mage hits you but does no damage.
The naga mage constricts you.
The naga mage is engulfed in blazing flames.
You block the naga mage's attack. The naga mage constricts you.
You take 4 damage, and have 126/134 hp.
You sock the naga mage!
You kill the naga mage!
You feel sick.
No target in view!
You feel sick.
Things that are here:
a +0 whip; a +0 robe You take 1 damage, and have 125/134 hp.
You feel sick.
You feel sick.
You feel sick.
You feel sick.
You feel sick.
You feel sick.
You are no longer poisoned.
Key pressed, stopping explore.
You now have 3795 gold pieces (gained 8).
Found 26 stones.
Health restored: 134 A shock serpent comes into view.
The shock serpent hisses angrily.
The shock serpent shoots out a bolt of lightning at you!
The bolt of electricity hits you!
You take 16 damage, and have 118/134 hp.
You regained 2 hp, and now have 121/134 hp.
The shock serpent bites you. The shock serpent shocks you!
You block the shock serpent's attack.
You take 13 damage, and have 109/134 hp.
You completely miss the shock serpent. Your headbutt misses the shock serpent.
The shock serpent bites you but does no damage.
You regained 2 hp, and now have 111/134 hp.
You bludgeon the shock serpent!! You headbutt the shock serpent.
The shock serpent is heavily wounded.
The shock serpent's electric aura discharges violently, shocking you!
The shock serpent shoots out a bolt of lightning at you!
The bolt of electricity hits you!! x2; You focus on the pain.
You feel very mighty all of a sudden. You block the shock serpent's attack.
You take 67 damage, and have 44/134 hp.
MASSIVE DAMAGE!!
You are too injured to fight recklessly!
You are too injured to fight recklessly!
You puncture the shock serpent! You headbutt the shock serpent!
The shock serpent is almost dead.
The shock serpent's electric aura discharges, shocking you!
* * * LOW HITPOINT WARNING * * *
The shock serpent shoots out a bolt of lightning at you!
The bolt of electricity hits you!
* * * LOW HITPOINT WARNING * * *
The bolt of electricity hits you!
* * * LOW HITPOINT WARNING * * *
The shock serpent shoots out a bolt of lightning at you!
The bolt of electricity hits you!!
You die...
Your body glows with a rainbow of weird colours and disappears.

## ......
.# .....
.# ...S )#
... ## #..
#.. ###
####
#..###.#
...####
#.§S@..##
......###
#.......#
........#
######..#
........#
##.##
......#...
#..#
.....## #.
##..#
....##
######...#
...###..#
#........#
.####...#
#.....(..#


You could see a shock serpent.

Vanquished Creatures
  Agnes (D:14)
  Nessos (D:14)
  The ghost of Gafa the Warrior, a journeyman KoBe of Trog (Lair:3)
  A minotaur (Gauntlet)
  Snorg (D:10)
  Josephine (D:14)
  Harold (Orc:1)
  An ogre mage (Orc:2)
  4 naga warriors (Snake:1)
  2 ice dragons (IceCv)
  10 hydras
  2 anacondas (Snake:1)
  A centaur warrior (D:13)
  10 two-headed ogres
  2 tengu warriors (D:14)
  12 death yaks
  A death knight (D:11)
  2 hell knights (D:14)
  A naga sharpshooter (Snake:1)
  2 deep elf knights (D:14)
  A sixfirhy (Gauntlet)
  2 fire crabs
  A skeletal warrior (D:11)
  A deep troll (Orc:2)
  An obsidian statue (D:14)
  An orc knight (D:13)
  A harpy (Lair:3)
  A necromancer (D:14)
  A swamp dragon (Lair:6)
  2 deep elf zephyrmancers (D:14)
  7 ugly things
  An orc sorcerer (Orc:1)
  2 wolf spiders (Lair:6)
  2 manticores
  An oklob plant (Lair:1)
  5 elephants (Lair:5)
  19 black mambas
  5 cyclopes
  2 merfolk sirens (Lair:2)
  A rust devil (D:14)
  2 naga magi (Snake:1)
  20 cane toads
  3 ice statues
  A guardian serpent (Lair:6)
  2 unseen horrors
  2 kobold demonologists
  7 rime drakes
  3 freezing wraiths
  9 komodo dragons
  2 merfolk (Lair:2)
  2 ice devils (Lair:2)
  7 polar bears
  2 hornets (Lair:6)
  8 trolls
  7 slime creatures
  6 blink frogs
  A dream sheep (shapeshifter) (D:13)
  A redback (Lair:6)
  26 yaks
  11 wyverns
  5 wraiths
  4 shadows
  A vampire (D:11)
  6 fire bats (Gauntlet)
  4 basilisks
  16 humans (D:13)
  A steam dragon (Lair:1)
  15 vampire mosquitoes
  2 wargs
  8 nagas (Snake:1)
  3 acid dragons
  8 hell hounds
  34 water moccasins
  4 swamp drakes
  17 orc warriors
  A sky beast (D:6)
  20 ice beasts
  2 black bears
  22 wolves
  16 ogres
  15 centaurs
  2 kobold brigands
  Blork the orc (D:6)
  11 gnoll sergeants
  4 scorpions
  4 bullfrogs
  2 water moccasin zombies (D:6)
  A wight (D:6)
  2 howler monkeys
  An electric eel (D:9)
  2 jellies
  A bullfrog zombie (D:5)
  8 gnoll shamans
  4 centaur zombies
  7 hounds
  16 orc priests
  Crazy Yiuf (D:6)
  A bullfrog skeleton (D:5)
  10 iguanas
  13 orc wizards
  A killer bee zombie (D:6)
  31 gnolls
  10 adders
  A shadow imp (D:5)
  A white imp (D:4)
  5 ufetubi
  An adder skeleton (D:5)
  4 worms
  50 orcs
  5 bats
  6 endoplasms
  3 giant cockroaches
  9 goblins
  6 hobgoblins
  3 jackals (D:3)
  4 quokkas
  5 ball pythons
  3 frilled lizards
  10 kobolds
  7 rats
  A butterfly (Lair:4)
697 creatures vanquished.

Vanquished Creatures (collateral kills)
  Rupert (D:14)
  A titan (D:8)
  A fire dragon (Lair:6)
  An ogre mage (Orc:2)
  2 two-headed ogres (Orc:2)
  An obsidian statue (Gauntlet)
  A deep troll (Orc:2)
  2 torpor snails
  A rime drake (Lair:6)
  A troll (Orc:2)
  An orc warrior (Orc:2)
  6 ogres (Orc:2)
  An orc priest (D:8)
  3 orcs
23 creatures vanquished.

Vanquished Creatures (others)
  40 fungi
  72 plants
  14 toadstools (Lair:5)
  13 withered plants (Gauntlet)
139 creatures vanquished.

Grand Total: 859 creatures vanquished

Notes
Turn   | Place    | Note
-------+----------+-------------------------------------------
     0 | D:5      | mdonais the Demonspawn Delver began the quest for the Orb.
     0 | D:5      | Reached XP level 1. HP: 18/18 MP: 1/1
    46 | D:5      | Noticed a hound
   323 | D:4      | Found a sparkling altar of Nemelex Xobeh.
   331 | D:4      | Became a worshipper of Nemelex Xobeh the Trickster
   674 | D:1      | Reached skill level 1 in Invocations
   752 | D:1      | Gained mutation: You have a somewhat thin skeletal
                  | structure. (Dex +2, Stealth+) [demonic ancestry]
   752 | D:1      | Reached XP level 2. HP: 17/24 MP: 2/2
  1249 | D:1      | Reached * piety under Nemelex Xobeh
  1384 | D:2      | Received a gift from Nemelex Xobeh
  1811 | D:2      | Reached XP level 3. HP: 20/29 MP: 4/4
  2767 | D:2      | Reached XP level 4. HP: 37/37 MP: 5/5
  3470 | D:3      | Gained mutation: Your demonic aura sometimes causes spilled
                  | blood to erupt in flames [demonic ancestry]
  3470 | D:3      | Reached XP level 5. HP: 25/42 MP: 7/7
  3809 | D:3      | Found a faded altar of an unknown god.
  4632 | D:4      | Noticed an ogre
  5507 | D:4      | Reached XP level 6. HP: 32/49 MP: 8/8
  5804 | D:4      | Reached skill level 1 in Shields
  6007 | D:4      | Found Ulenn's Antique Weapon Emporium.
  6055 | D:4      | Found an opulent altar of Gozag.
  6383 | D:5      | Noticed a sky beast
  6479 | D:5      | Reached ** piety under Nemelex Xobeh
  7074 | D:5      | Reached skill level 5 in Fighting
  7074 | D:5      | Reached XP level 7. HP: 42/56 MP: 8/10
  7257 | D:5      | Found Bofradat's Antique Armour Emporium.
  7301 | D:5      | Noticed a two-headed ogre
  7659 | D:5      | Received a gift from Nemelex Xobeh
  8091 | D:5      | Noticed a torpor snail
  8091 | D:5      | a two-headed ogre changed into a torpor snail
  8303 | D:4      | Reached skill level 5 in Invocations
  8377 | D:3      | Killed a torpor snail
  8739 | D:6      | Gained mutation: You sometimes gain a little power by
                  | taking damage. [demonic ancestry]
  8739 | D:6      | Reached XP level 8. HP: 54/64 MP: 12/12
  9093 | D:6      | Found a staircase to the Ecumenical Temple.
  9107 | Temple   | Entered the Ecumenical Temple
  9355 | D:6      | Received a gift from Nemelex Xobeh
  9743 | D:6      | Reached skill level 5 in Shields
  9762 | D:6      | Noticed Blork the orc
 10059 | D:6      | Reached *** piety under Nemelex Xobeh
 10458 | D:5      | Bought a scorched chain mail for 256 gold pieces
 10458 | D:5      | Identified the +3 chain mail "Geen" {rN+ Str+8 Dex-4} (You
                  | bought it in a shop on level 5 of the Dungeon)
 10578 | D:6      | Reached skill level 1 in Armour
 11089 | D:6      | Found a runed translucent door.
 11090 | D:6      | Noticed Crazy Yiuf
 11103 | D:6      | Killed Crazy Yiuf
 11182 | D:6      | Killed Blork the orc
 11221 | D:6      | Gained mutation: You have a moderately thin skeletal
                  | structure. (Dex +4, Stealth++) [demonic ancestry]
 11221 | D:6      | Reached XP level 9. HP: 61/72 MP: 15/15
 11421 | D:7      | Found a transporter.
 11429 | D:7      | Noticed a kobold demonologist
 11451 | D:7      | Received a gift from Nemelex Xobeh
 11602 | D:7      | Found a transporter.
 12448 | D:7      | Reached skill level 5 in Armour
 12538 | D:8      | Found a burning altar of Makhleb.
 12549 | D:8      | Found a basalt altar of Yredelemnul.
 12653 | D:8      | Received a gift from Nemelex Xobeh
 12770 | D:8      | Noticed Gastronok
 13326 | D:8      | Noticed Gastronok
 13326 | D:8      | Gastronok changed into Gastronok the titan
 13357 | D:9      | Reached **** piety under Nemelex Xobeh
 13438 | D:9      | Noticed a troll
 13443 | D:9      | Killed a troll
 13668 | D:8      | Reached skill level 1 in Maces & Flails
 14119 | D:4      | Bought an iridescent morningstar for 207 gold pieces
 14119 | D:4      | Identified the +8 morningstar "Maunnaone" {vorpal, +Rage
                  | Will- Str+4} (You bought it in a shop on level 4 of the
                  | Dungeon)
 14275 | D:9      | Found a staircase to the Lair.
 14484 | D:9      | Reached skill level 1 in Evocations
 15001 | D:10     | Entered Level 10 of the Dungeon
 15005 | D:10     | Noticed Snorg
 15020 | D:10     | Received a gift from Nemelex Xobeh
 15050 | D:10     | Found a flagged portal.
 15059 | Bailey   | Entered a bailey
 15331 | Bailey   | Gained mutation: You have a pair of small horns on your
                  | head. [demonic ancestry]
 15331 | Bailey   | Reached XP level 10. HP: 79/80 MP: 16/16
 15741 | Bailey   | Identified the amulet of Xops {Regen+ Dex+3}
 16073 | D:10     | Reached skill level 5 in Maces & Flails
 16174 | D:10     | Found a hide-covered altar of Uskayaw.
 16578 | D:10     | Killed Snorg
 16645 | Lair:1   | Entered Level 1 of the Lair of Beasts
 16653 | Lair:1   | Received a gift from Nemelex Xobeh
 16664 | Lair:1   | Noticed a cane toad
 16668 | Lair:1   | Killed a cane toad
 16676 | Lair:1   | Noticed a cane toad
 16682 | Lair:1   | Killed a cane toad
 16709 | Lair:1   | Noticed a seven-headed hydra
 16714 | Lair:1   | Killed a seven-headed hydra
 16787 | Lair:1   | Noticed a cane toad
 16792 | Lair:1   | Killed a cane toad
 16793 | Lair:1   | Gained mutation: You have a pair of horns on your head.
                  | [demonic ancestry]
 16793 | Lair:1   | Reached XP level 11. HP: 70/87 MP: 18/18
 16861 | Lair:1   | Reached skill level 10 in Invocations
 16895 | Lair:1   | Noticed a five-headed hydra
 16908 | Lair:1   | Killed a five-headed hydra
 17237 | Lair:1   | Noticed an oklob plant
 17248 | Lair:1   | Killed an oklob plant
 17369 | Lair:1   | Reached ***** piety under Nemelex Xobeh
 17510 | Lair:2   | Received a gift from Nemelex Xobeh
 17538 | Lair:2   | Found a gate leading to a gauntlet.
 17549 | Gauntlet | Entered a Gauntlet
 17549 | Gauntlet | Found a transporter.
 17549 | Gauntlet | Found a transporter.
 17553 | Gauntlet | Found a transporter.
 17555 | Gauntlet | Noticed a soul eater
 17563 | Gauntlet | Noticed a sixfirhy
 17566 | Gauntlet | Found a transporter.
 17566 | Gauntlet | Noticed an obsidian statue
 17571 | Gauntlet | Found a transporter.
 17577 | Gauntlet | Found a transporter.
 17577 | Gauntlet | Found a transporter.
 17577 | Gauntlet | Noticed a reaper
 17583 | Gauntlet | Noticed a fire crab
 17583 | Gauntlet | Noticed a dire elephant
 17586 | Gauntlet | Found a transporter.
 17639 | Gauntlet | Found a transporter.
 17663 | Gauntlet | Found a transporter.
 17685 | Gauntlet | Killed a sixfirhy
 17686 | Gauntlet | Reached skill level 10 in Fighting
 17699 | Gauntlet | Found a transporter.
 17714 | Gauntlet | Noticed a death yak
 17714 | Gauntlet | Noticed a death yak
 17724 | Gauntlet | Killed an obsidian statue
 17732 | Gauntlet | Identified the ring "Waotritho" {rElec rC+ SInv}
 17742 | Gauntlet | Noticed a death yak
 17745 | Gauntlet | Found a transporter.
 17750 | Gauntlet | Found a transporter.
 17768 | Gauntlet | Killed a fire crab
 17828 | Gauntlet | Noticed a minotaur
 17840 | Gauntlet | Killed a minotaur
 17927 | Lair:2   | Found a frozen archway.
 17949 | IceCv    | Entered an ice cave
 17958 | IceCv    | Gained mutation: You have an unnaturally thin skeletal
                  | structure. (Dex +6, Stealth+++) [demonic ancestry]
 17958 | IceCv    | Reached XP level 12. HP: 96/98 MP: 20/20
 18128 | IceCv    | Noticed an ice dragon
 18129 | IceCv    | Noticed an ice dragon
 18142 | IceCv    | Killed an ice dragon
 18164 | IceCv    | Killed an ice dragon
 18259 | IceCv    | Identified the ring "Nal Seji" {+Blink rC+ EV+4 Int+2}
 18534 | Lair:2   | Found a staircase to the Shoals.
 18739 | Lair:2   | Noticed a five-headed hydra
 18746 | Lair:2   | Killed a five-headed hydra
 18751 | Lair:2   | Received a gift from Nemelex Xobeh
 19335 | Lair:3   | Noticed a death yak
 19338 | Lair:3   | Noticed a death yak
 19338 | Lair:3   | Noticed a death yak
 19340 | Lair:3   | Noticed a death yak
 19348 | Lair:3   | Noticed a death yak
 19350 | Lair:3   | Noticed a death yak
 19354 | Lair:2   | Killed a death yak
 19411 | Lair:3   | Noticed a four-headed hydra
 19422 | Lair:3   | Killed a four-headed hydra
 19448 | Lair:3   | Found a runed translucent gate.
 19449 | Lair:3   | Found a runed translucent gate.
 19449 | Lair:3   | Found a runed translucent gate.
 19450 | Lair:3   | Noticed a six-headed hydra
 19450 | Lair:3   | Noticed Gafa's ghost (journeyman KoBe)
 19463 | Lair:3   | Reached skill level 10 in Shields
 19506 | Lair:3   | Received a gift from Nemelex Xobeh
 19518 | Lair:3   | Noticed Sonja
 19526 | Lair:3   | Noticed Sonja
 19526 | Lair:3   | Sonja changed into Sonja the wolf
 19530 | Lair:3   | Killed Sonja the wolf
 19566 | Lair:3   | Reached skill level 1 in Throwing
 19684 | Lair:3   | Killed a death yak
 19685 | Lair:3   | Gained mutation: You sometimes gain power by taking damage.
                  | [demonic ancestry]
 19685 | Lair:3   | Reached XP level 13. HP: 103/108 MP: 22/22
 20477 | Lair:3   | Killed Gafa's ghost
 20533 | Lair:4   | Received a gift from Nemelex Xobeh
 20872 | Lair:4   | Found a staircase to the Snake Pit.
 21012 | Lair:4   | Received a gift from Nemelex Xobeh
 21562 | Lair:4   | Identified the +9 dagger of Cobwebs {vorpal, Stlth+}
 21859 | Lair:5   | Reached ****** piety under Nemelex Xobeh
 21859 | Lair:5   | Received a gift from Nemelex Xobeh
 21926 | Lair:5   | Found a viscous altar of Jiyva.
 21927 | Lair:5   | Found a staircase to the Slime Pits.
 22009 | Lair:5   | Found a blossoming altar of Fedhas.
 22214 | Lair:5   | Received a gift from Nemelex Xobeh
 22253 | Lair:5   | Gained mutation: Your demonic aura often causes spilled
                  | blood to erupt in flames [demonic ancestry]
 22253 | Lair:5   | Reached XP level 14. HP: 86/116 MP: 22/24
 22556 | Lair:6   | Entered Level 6 of the Lair of Beasts
 23316 | Lair:6   | Received a gift from Nemelex Xobeh
 23790 | Lair:6   | Identified the +9 chain mail "Cyran" {-Tele Str-4 Int+7}
 24161 | D:8      | Killed Gastronok the titan
 24527 | D:11     | Received a gift from Nemelex Xobeh
 25047 | D:12     | You fall into a shaft and drop 1 floor!
 25047 | D:13     | Received a gift from Nemelex Xobeh
 25199 | D:13     | Received a gift from Nemelex Xobeh
 25232 | D:12     | Found a staircase to the Orcish Mines.
 25413 | D:12     | Reached skill level 10 in Armour
 25513 | D:12     | Received a gift from Nemelex Xobeh
 25571 | D:12     | Gained mutation: Your presence sometimes corrodes those you
                  | injure. [demonic ancestry]
 25571 | D:12     | Reached XP level 15. HP: 118/126 MP: 25/25
 25628 | D:12     | Identified the +0 scale mail of Duck's Teeth {rElec Str+4
                  | Dex-4 Stlth+}
 25969 | Orc:1    | Entered Level 1 of the Orcish Mines
 26005 | Orc:1    | Noticed Harold
 26009 | Orc:1    | Killed Harold
 26151 | Orc:2    | Entered Level 2 of the Orcish Mines
 26153 | Orc:2    | Found a staircase to the Elven Halls.
 26468 | Orc:2    | Paralysed by something for 6 turns
 26601 | Orc:2    | Found Emoysef's Antique Armour Emporium.
 26603 | Orc:2    | Found Milel's General Store.
 26612 | Orc:2    | Found Neshey's Assorted Antiques.
 26613 | Orc:2    | Found Hixaguash's General Store.
 26649 | Orc:2    | Received a gift from Nemelex Xobeh
 27364 | D:13     | Identified the +9 mace "Ussa" {venom, *Noise Str+2 Dex+2}
 27653 | D:13     | Received a gift from Nemelex Xobeh
 27830 | D:13     | Found an iron altar of Okawaru.
 27894 | D:13     | Received a gift from Nemelex Xobeh
 28069 | D:14     | Found a gate to the Vaults.
 28069 | D:14     | Noticed Nessos
 28069 | D:14     | Noticed Rupert
 28070 | D:14     | Paralysed by Rupert for 4 turns
 28145 | D:14     | Paralysed by Rupert for 7 turns
 28298 | D:14     | Killed Nessos
 28379 | D:14     | Noticed Agnes
 28387 | D:14     | Killed Agnes
 28558 | D:14     | Paralysed by Rupert for 6 turns
 28569 | D:14     | Killed Rupert
 28678 | D:14     | Received a gift from Nemelex Xobeh
 28709 | D:14     | Noticed Josephine
 28719 | D:14     | Killed Josephine
 29048 | D:14     | Found a runed translucent door.
 29052 | D:14     | Reached XP level 16. HP: 134/134 MP: 26/26
 30032 | Snake:1  | Entered Level 1 of the Snake Pit
 30033 | Snake:1  | Received a gift from Nemelex Xobeh
 30119 | Snake:1  | HP: 5/134 [naga warrior/+0 scimitar (5)]
 30614 | Snake:1  | Killed from afar by a shock serpent

Illustrated notes

Levels and vault maps discovered:
D:1:      erik_arrival_blinker_ship, layout_basic
D:2:      layout_basic
D:3:      layout_basic, hellmonk_ecumenical_altar_heavens_door,
          serial_corexii_hall, chequers_hall_statues_corner_a,
          corexii_hall_statues_t, corexii_hall_statues_s, chequers_big_river
D:4:      layout_basic, grunt_gozag_breadcrumbs, nemelex_spade_bored_becter,
          zin_academy, serial_shops, shop
D:5:      layout_loops_corners, serial_shops, nicolae_shop_behind_doors
D:6:      cheibrodos_barr_body, layout_loops_corners, old_standard_altar,
          minmay_temple_entry_butterflies, serial_bayou_ford_a,
          uniq_blork_the_orc, uniq_crazy_yiuf_cottage
D:7:      gammafunk_wand_slinger, layout_layer_cave
D:8:      layout_basic, minitemple, hangedman_abyss_or_decor_clamps,
          chequers_mini_garden, hangedman_decor_lopped, uniq_gastronok
D:9:      layout_basic, lair_entry_dummy, water_maze_lemuel
D:10:     layout_basic, nicolae_uskayaw_suspiria, enter_bailey_3, uniq_snorg
D:11:     layout_gridville, nicolae_wwwww
D:12:     layout_irregular_city, orc_0_dummy
D:13:     layout_gridville, special_room [special_room_orc],
          okawaru_altar_gauntlet_db
D:14:     mludivico_vault, layout_irregular_city, david_vaults_3,
          kennysheep_nub, minivault_26, minmay_statue_bubble, uniq_agnes,
          uniq_josephine
Temple:   dpeg_chambers_temple
Lair:1:   layout_chaotic_city, minmay_lair_oklob_chamber, grunt_megastairs_2
Lair:2:   layout_loops_ring, elwin_shoals_entry_stream,
          portal_ice_cave_demonic_guard, gauntlet_entry_generic,
          infiniplex_staircase_pool_2
Lair:3:   layout_small_grid, gammafunk_ghost_split, serial_bayou_shore_b,
          uniq_sonja
Lair:4:   layout_regular_city, minmay_snake_entry_six_corridors, ice2_lemuel,
          lemuel_fruit_fields
Lair:5:   layout_loops_ring, slime_altar_1, tgw_fedhas
Lair:6:   hangedman_lair_tendril_chambers, layout_regular_city,
          guppyfry_lair_end_dragon
Snake:1:  layout_cave_pods, grunt_ministairs_5, hangedman_snake_corridor_split
Orc:1:    layout_caves, basic_altar, uniq_harold
Orc:2:    st_orc_open, layout_caves

Skill      XL: |  1  2  3  4  5  6  7  8  9 10 11 12 13 14 15 16 |
---------------+-------------------------------------------------+-----
Axes           | 2 3 |  3.3
Invocations    | 1 2 3 4 5 8 9 10 12 13 14 | 14.3
Dodging        | 2 4 |  4.0
Fighting       | 4 5 7 8 10 12 14 | 14.6
Shields        | 3 4 5 6 8 10 11 12 | 12.7
Armour         | 3 5 6 8 10 12 13 | 13.0
Maces & Flails | 3 5 7 8 |  8.0
Evocations     | 2 3 4 |  4.0
Throwing       | 2 4 |  4.0
Stealth        | |  4.5

Action                   |  1- 3 |  4- 6 |  7- 9 | 10-12 | 13-15 | 16-18 || total
-------------------------+-------+-------+-------+-------+-------+-------++-------
Melee: Hand axe          |   147 |   171 |       |       |       |       ||   318
       Mace              |       |    74 |   429 |       |       |       ||   503
       Morningstar       |       |       |    71 |   316 |   695 |    88 ||  1170
       Headbutt          |       |       |       |    99 |   232 |    30 ||   361
Throw: Stone             |    20 |    37 |    26 |     8 |       |       ||    91
       Boomerang         |       |       |    33 |     3 |       |     3 ||    39
       Javelin           |       |       |       |    34 |    77 |    11 ||   122
       Throwing net      |       |       |       |     1 |       |       ||     1
       Dart              |       |       |       |       |    10 |       ||    10
Invok: Draw Destruction  |     1 |     3 |    17 |    11 |    12 |     1 ||    45
       Draw Summoning    |       |       |     4 |     3 |     8 |       ||    15
       Draw Escape       |       |       |     1 |       |       |       ||     1
       Deal Four         |       |       |       |       |     2 |       ||     2
 Abil: Evoke Berserk Rag |       |       |       |     2 |       |       ||     2
Evoke: Wand              |       |     1 |     6 |     1 |     1 |     5 ||    14
  Use: Scroll            |     2 |     1 |    10 |     6 |    10 |     3 ||    32
       Potion            |       |     6 |     2 |       |     8 |     1 ||    17
 Stab: Sleeping          |    11 |     8 |     6 |     7 |    10 |       ||    42
       Distracted        |     1 |       |     2 |       |     6 |       ||     9
       Paralysed         |       |     1 |       |       |       |       ||     1
Armor: Leather armour    |    32 |    93 |   119 |       |       |       ||   244
       Chain mail        |       |       |   231 |   200 |   188 |       ||   619
       Ice dragon scales |       |       |       |     5 |     2 |       ||     7
       Crystal plate arm |       |       |       |       |   203 |    42 ||   245
Dodge: Dodged            |    64 |   145 |   223 |   119 |   391 |    35 ||   977
       Repelled          |       |       |       |       |     5 |     6 ||    11
Block: Kite shield       |       |    48 |   373 |   246 |   595 |    86 ||  1348
       Buckler           |       |     1 |       |       |       |       ||     1

Table legend: (Time is in decaauts)
 A = Elapsed time spent in this place.
 B = Non-inter-level travel time spent in this place.
 C = Inter-level travel time spent in this place.
 D = Time resting spent in this place.
 E = Time spent auto-exploring this place.
 F = Levels seen in this place.
 G = Mean time per level.
                   A        B        C        D        E       F      G
               +--------+--------+--------+--------+--------+-----+--------+
         Total |  31450 |  28901 |   2549 |   5198 |  14677 |  27 | 1164.8 |
       Dungeon |  20668 |  18795 |   1873 |   4497 |   8935 |  14 | 1476.3 |
        Temple |    230 |    207 |     23 |      0 |    207 |   1 |  230.0 |
          Lair |   6943 |   6412 |    531 |    373 |   4132 |   6 | 1157.2 |
     Snake Pit |    537 |    537 |      0 |     58 |    264 |   1 |  537.0 |
  Orcish Mines |   1392 |   1270 |    122 |     41 |    819 |   2 |  696.0 |
        Bailey |    839 |    839 |      0 |    183 |    179 |   1 |  839.0 |
      Ice Cave |    502 |    502 |      0 |     45 |    141 |   1 |  502.0 |
      Gauntlet |    336 |    336 |      0 |      0 |      0 |   1 |  336.0 |
               +--------+--------+--------+--------+--------+-----+--------+

Top non-repeatable levels by time:
     D:4: 2862 daAuts
     D:5: 2465 daAuts
     D:6: 2278 daAuts
     D:2: 1815 daAuts
     D:7: 1616 daAuts
    D:14: 1544 daAuts
  Lair:6: 1332 daAuts
  Lair:3: 1306 daAuts
     D:3: 1286 daAuts
     D:9: 1279 daAuts
  Lair:4: 1236 daAuts
     D:8: 1230 daAuts
  Lair:2: 1100 daAuts
  Lair:5: 1043 daAuts
    D:13: 1007 daAuts
